Map: [ESL] Hecate

Players

NiCe - Winner!

  • Race: Protoss Protoss
  • League: Master
  • Spawn Location: 7:00

SHIN

  • Race: Zerg Zerg
  • Spawn Location: 1:00

Event: IEM Katowice 2024

VOD

Have the link to the VOD?

Description

Time

  • Played on: Dec. 5, 2023, 5:06 a.m.
  • Length: 18:05

All games in this series

Show
View Real Time Build Order
Export as new Build Order

NiCe Protoss - Winner!

Build Orders: Oracle Opening 

Get SALT Encoding   

  12  0:00  Probe  
  13  0:13  Probe  
  14  0:19  Pylon  
  14  0:25  Probe  
  15  0:37  Probe (Chrono Boost)  
  15  0:41  Gateway  
  16  0:49  Probe (Chrono Boost)  
  17  0:50  Assimilator  
  17  0:54  Probe (Chrono Boost)  
  18  1:03  Probe  
  19  1:16  Probe  
  20  1:27  Zealot (Chrono Boost), Pylon  
  20  1:28  Probe  
  20  1:29  Cybernetics Core  
  23  1:45  Probe  
  24  1:57  Probe  
  25  2:03  Adept (Chrono Boost)  
  27  2:17  Nexus  
  27  2:19  Assimilator  
  27  2:25  Adept  
  29  2:32  Pylon  
  29  2:34  Probe  
  30  2:46  Stargate  
  30  2:50  Probe  
  31  2:58  Warp Gate  
  31  3:02  Probe (Chrono Boost)  
  31  3:04  Pylon  
  32  3:09  Stalker  
  34  3:14  Probe (Chrono Boost)  
  35  3:22  Probe (Chrono Boost)  
  36  3:28  Probe  
  36  3:30  Oracle (Chrono Boost)  
  39  3:39  Probe  
  39  3:40  Probe  
  39  3:51  Probe  
  39  3:52  Gateway, Probe  
  39  4:02  Oracle (Chrono Boost)  
  39  4:03  Probe  
  39  4:04  Probe  
  44  4:15  Probe  
  44  4:17  Probe  
  46  4:18  Gateway  
  46  4:23  Pylon  
  46  4:27  Probe  
  46  4:28  Oracle (Chrono Boost)  
  46  4:29  Probe  
  51  4:39  Probe  
  51  4:41  Probe  
  53  4:48  Nexus  
  53  4:52  Probe  
  54  4:53  Probe  
  54  4:55  Pylon  
  55  5:02  Assimilator  
  55  5:03  Assimilator  
  55  5:04  Probe  
  56  5:07  Adept  
  56  5:08  Adept  
  56  5:11  Probe  
  56  5:13  Adept  
  63  5:16  Shield Battery  
  63  5:17  Probe  
  64  5:23  Probe  
  65  5:29  Probe  
  66  5:35  Probe  
  66  5:36  Adept x3  
  66  5:38  Pylon  
  66  5:41  Probe (Chrono Boost)  
  74  5:45  Forge  
  74  5:48  Probe (Chrono Boost)  
  74  5:49  Twilight Council  
  75  5:53  Probe (Chrono Boost)  
  76  5:59  Probe (Chrono Boost)  
  76  6:02  Probe (Chrono Boost)  
  76  6:03  Probe (Chrono Boost)  
  79  6:04  Protoss Ground Weapons Level 1 (Chrono Boost), Probe (Chrono Boost)  
  79  6:08  Probe  
  81  6:12  Gateway, Probe  
  81  6:14  Probe  
  83  6:20  Probe  
  83  6:21  Blink (Chrono Boost)  
  83  6:23  Gateway  
  83  6:24  Gateway, Probe  
  85  6:26  Probe  
  85  6:29  Sentry  
  85  6:32  Stalker  
  90  6:34  Stalker  
  90  6:35  Probe  
  90  6:37  Probe  
  94  6:43  Robotics Facility  
  94  6:44  Probe  
  95  6:47  Probe  
  95  6:52  Gateway  
  95  6:54  Gateway  
  96  6:57  Stalker x2  
  96  6:58  Stalker  
  94  7:07  Pylon  
  90  7:13  Nexus  
  90  7:15  Probe x3  
  93  7:23  Forge  
  93  7:26  Stalker x3  
  93  7:27  Probe  
  93  7:29  Pylon  
  100  7:32  Probe x2  
  100  7:34  Shield Battery  
  92  7:54  Stalker x6  
  92  7:55  Stalker x2  
  92  7:58  Probe x3  
  109  8:00  Protoss Ground Armor Level 1 (Chrono Boost)  
  109  8:05  Protoss Ground Weapons Level 2 (Chrono Boost)  
  109  8:07  Robotics Bay  
  109  8:14  Probe x2  
  109  8:17  Charge  
  109  8:18  Robotics Bay  
  109  8:19  Probe  
  112  8:21  Assimilator  
  112  8:22  Pylon  
  112  8:24  Assimilator  
  112  8:25  Stalker  
  112  8:26  Stalker  
  116  8:29  Stalker  
  116  8:30  Stalker  
  116  8:31  Probe  
  116  8:33  Probe x2  
  123  8:43  Probe x2  
  123  8:45  Probe  
  123  8:46  Assimilator  
  123  8:47  Assimilator, Pylon  
  123  8:48  Photon Cannon  
  126  8:55  Probe  
  126  8:56  Robotics Facility, Probe  
  126  8:58  Pylon  
  126  8:59  Photon Cannon  
  126  9:02  Pylon  
  128  9:05  Photon Cannon  
  128  9:06  Photon Cannon, Colossus (Chrono Boost)  
  128  9:07  Shield Battery  
  134  9:14  Pylon  
  134  9:15  Extended Thermal Lance (Chrono Boost)  
  134  9:28  Zealot x2  
  134  9:29  Zealot x5  
  148  9:34  Templar Archives  
  148  9:40  Shield Battery  
  148  9:42  Pylon  
  148  9:45  Colossus (Chrono Boost)  
  148  9:49  Colossus (Chrono Boost)  
  160  9:53  Protoss Ground Armor Level 2 (Chrono Boost)  
  160  9:54  Zealot x3  
  152  10:01  Zealot x2  
  152  10:02  Zealot x3  
  159  10:15  Stalker x3  
  165  10:26  Colossus (Chrono Boost), Protoss Ground Weapons Level 3 (Chrono Boost)  
  171  10:33  High Templar x2  
  161  10:36  Gateway  
  161  10:37  Gateway  
  161  10:38  Gateway  
  161  10:39  Archon  
  161  10:40  Gateway  
  161  10:41  Photon Cannon  
  161  10:44  Pylon  
  161  10:50  Immortal (Chrono Boost)  
  161  10:55  Gravitic Boosters  
  165  11:02  High Templar x2  
  165  11:04  Zealot x4  
  177  11:06  Zealot x2  
  181  11:12  Archon  
  181  11:17  Immortal (Chrono Boost)  
  181  11:19  Pylon  
  181  11:21  Pylon  
  181  11:23  Pylon  
  181  11:24  Photon Cannon  
  185  11:26  Photon Cannon  
  185  11:28  Immortal (Chrono Boost)  
  185  11:32  Nexus, Pylon  
  185  11:36  Robotics Facility  
  185  11:37  Psionic Storm  
  185  11:39  Robotics Facility x2  
  181  11:42  Probe x4  
  181  11:43  Pylon  
  181  11:45  High Templar x3  
  181  11:46  High Templar  
  193  11:51  Observer  
  192  11:54  Probe  
  186  12:04  Zealot x4  
  193  12:15  Immortal  
  197  12:21  Photon Cannon  
  197  12:24  Photon Cannon  
  197  12:25  Photon Cannon  
  197  12:26  Shield Battery  
  197  12:29  Zealot  
  199  12:30  Pylon  
  195  12:42  Pylon  
  195  12:43  Nexus  
  195  12:44  Void Ray (Chrono Boost), Protoss Ground Armor Level 3 (Chrono Boost)  
  199  12:54  Photon Cannon  
  199  12:55  Protoss Shields Level 1 (Chrono Boost), Photon Cannon, Shield Battery  
  199  12:59  Observer  
  194  13:28  Gateway  
  194  13:31  Gateway  
  194  13:32  Fleet Beacon  
  194  13:33  Protoss Air Weapons Level 1 (Chrono Boost), Stargate  
  191  13:36  Stargate  
  191  13:41  Archon  
  165  13:43  Zealot x10  
  165  13:44  Zealot x2  
  165  13:45  Immortal x3 (Chrono Boost)  
  163  13:57  Colossus (Chrono Boost)  
  175  14:06  Zealot x3  
  175  14:07  High Templar x4, Colossus (Chrono Boost)  
  188  14:14  Colossus (Chrono Boost)  
  175  14:36  High Templar x4  
  175  14:38  Archon  
  165  14:41  Archon  
  163  14:53  High Templar x2  
  163  14:55  Photon Cannon  
  163  14:58  Nexus, Photon Cannon  
  163  14:59  Shield Battery, Colossus (Chrono Boost)  
  167  15:00  Pylon  
  181  15:09  Zealot  
  181  15:10  Zealot x4  
  181  15:11  Immortal (Chrono Boost)  
  181  15:12  Immortal (Chrono Boost), Pylon  
  191  15:22  Pylon  
  189  15:29  Nexus  
  189  15:32  Photon Cannon  
  189  15:33  Photon Cannon  
  189  15:35  Photon Cannon  
  189  15:36  Photon Cannon  
  189  15:38  Shield Battery  
  189  15:40  Pylon  
  183  15:52  Zealot x3  
  183  15:53  Zealot x6  
  175  15:57  Zealot  
  175  16:03  High Templar x4  
  183  16:09  Archon  
  183  16:10  Archon  
  173  16:22  Nexus  
  173  16:23  High Templar x2, Pylon  
  173  16:24  High Templar x4  
  173  16:25  Zealot x4  
  176  16:59  Zealot x6  
  176  17:00  Zealot x6  
  196  17:12  Photon Cannon, Shield Battery  
  184  17:37  High Templar x6  
  184  17:38  High Templar x2  
  184  17:42  Archon x4  
  196  17:46  Pylon  
Show
View Real Time Build Order
Export as new Build Order

SHIN Zerg 

Build Orders: 3 Hatch before Pool, Lurkers 

Get SALT Encoding   

  12  0:00  Drone  
  13  0:08  Drone  
  14  0:16  Overlord  
  14  0:36  Drone x3  
  17  0:55  Hatchery  
  17  0:56  Drone  
  17  1:17  Hatchery  
  16  1:19  Drone  
  16  1:23  Drone  
  18  1:33  Extractor  
  18  1:38  Spawning Pool  
  16  1:41  Drone  
  16  1:46  Drone  
  18  1:48  Drone  
  18  1:53  Drone  
  20  2:04  Overlord  
  21  2:11  Drone  
  22  2:24  Queen x2  
  22  2:25  Zergling x6  
  29  2:36  Metabolic Boost  
  29  2:37  Overlord  
  29  2:38  Zergling x2  
  29  2:42  Zergling x2  
  30  2:51  Hatchery  
  30  2:55  Drone  
  30  2:58  Drone  
  31  3:01  Zergling x2  
  31  3:04  Zergling x2  
  33  3:09  Queen  
  35  3:16  Drone x2  
  35  3:17  Drone  
  38  3:23  Drone  
  38  3:29  Spore Crawler  
  38  3:30  Drone  
  37  3:34  Drone x3  
  37  3:35  Drone  
  40  3:42  Drone  
  40  3:45  Drone  
  40  3:51  Queen  
  40  3:54  Spore Crawler  
  41  3:56  Drone  
  41  3:59  Drone  
  43  4:03  Drone  
  43  4:04  Drone x2  
  43  4:06  Drone  
  43  4:07  Drone  
  48  4:11  Spore Crawler  
  48  4:13  Drone  
  48  4:15  Drone  
  49  4:21  Spore Crawler  
  49  4:22  Drone  
  49  4:28  Overlord  
  49  4:29  Overlord  
  49  4:38  Overlord  
  49  4:42  Overlord  
  49  4:46  Queen  
  49  4:47  Overlord  
  49  4:48  Drone  
  49  4:49  Drone  
  53  4:54  Drone x3  
  53  4:58  Drone x2  
  58  5:00  Drone  
  58  5:01  Drone  
  58  5:06  Queen  
  62  5:09  Drone  
  63  5:14  Zergling x4, Evolution Chamber  
  63  5:17  Drone x2  
  63  5:18  Drone  
  67  5:22  Queen  
  67  5:23  Drone  
  67  5:28  Drone x3  
  73  5:30  Drone x2  
  73  5:32  Drone  
  73  5:34  Drone  
  73  5:35  Drone  
  74  5:38  Drone x2  
  74  5:42  Zerg Melee Weapons Level 1  
  76  5:44  Drone x2  
  76  5:45  Drone  
  76  5:49  Drone x3  
  82  5:50  Drone  
  83  5:57  Extractor  
  83  5:58  Hatchery  
  83  6:04  Zergling x10  
  86  6:06  Spore Crawler  
  86  6:07  Zergling x2  
  86  6:08  Zergling x2  
  86  6:09  Drone x2  
  86  6:10  Drone x2  
  90  6:13  Extractor, Lair  
  90  6:17  Roach Warren  
  88  6:19  Drone x2  
  88  6:22  Baneling Nest  
  88  6:24  Zergling x2  
  88  6:25  Extractor  
  89  6:29  Overlord x2  
  89  6:33  Overlord  
  89  6:37  Overlord x2  
  89  6:38  Overlord  
  89  6:40  Overlord  
  89  6:43  Overlord  
  89  6:46  Queen  
  91  6:48  Overlord  
  91  6:53  Zergling x16  
  96  6:58  Zergling x2  
  96  6:59  Zergling x2  
  91  7:04  Zergling x4  
  91  7:12  Drone  
  91  7:13  Hydralisk Den  
  91  7:14  Extractor  
  91  7:15  Drone x3  
  92  7:17  Drone x3  
  92  7:18  Drone  
  92  7:19  Zergling x4, Overlord  
  92  7:20  Zergling x4  
  100  7:23  Zergling x2  
  100  7:24  Zergling x2  
  102  7:32  Zergling x6  
  102  7:35  Zergling x4  
  102  7:36  Zergling x4  
  109  7:37  Zerg Melee Weapons Level 2  
  102  7:44  Zergling x2  
  102  7:45  Zergling x12  
  100  7:51  Hydralisk  
  100  7:52  Hydralisk x3  
  100  7:56  Grooved Spines  
  105  7:59  Hydralisk x3  
  111  8:07  Hydralisk x6  
  111  8:09  Drone x2  
  111  8:12  Drone x2  
  125  8:18  Hydralisk x3  
  131  8:21  Spore Crawler  
  131  8:22  Drone x3  
  133  8:30  Hydralisk x2  
  133  8:31  Hydralisk  
  138  8:35  Overlord  
  138  8:38  Zergling x10  
  143  8:42  Centrifugal Hooks  
  143  8:44  Drone  
  143  8:46  Muscular Augments  
  143  8:47  Overlord x2  
  144  8:56  Drone  
  144  8:57  Drone x7  
  144  9:02  Hatchery  
  151  9:06  Hydralisk  
  151  9:07  Zergling x14  
  160  9:10  Extractor  
  160  9:11  Extractor  
  160  9:12  Lurker Den  
  160  9:13  Drone x3  
  160  9:17  Zergling x8  
  160  9:18  Zergling x2  
  160  9:21  Overlord  
  165  9:25  Overseer  
  165  9:26  Zergling x6  
  165  9:30  Overlord x3  
  168  9:33  Overlord  
  168  9:34  Overlord  
  168  9:41  Infestation Pit  
  163  9:46  Zergling x2  
  163  9:47  Zergling x18  
  173  9:53  Drone x4, Zerg Missile Weapons Level 1  
  173  9:55  Extractor  
  173  9:56  Zergling x4  
  170  10:00  Baneling x6  
  170  10:03  Drone x2  
  170  10:06  Zergling x2  
  170  10:07  Zergling x18  
  181  10:11  Zergling x2  
  181  10:12  Zergling x6  
  185  10:19  Hive  
  185  10:20  Evolution Chamber  
  184  10:23  Drone x2  
  184  10:24  Zergling x6  
  184  10:29  Drone  
  184  10:30  Drone  
  180  10:38  Lurker x12  
  192  10:43  Drone x2  
  192  10:46  Drone x2  
  193  10:50  Lurker x3  
  193  10:52  Extractor  
  193  10:54  Extractor  
  194  11:00  Zerg Ground Armor Level 1  
  191  11:09  Hydralisk x2  
  191  11:10  Hydralisk x2  
  199  11:27  Spore Crawler  
  199  11:32  Drone x2  
  197  11:34  Spore Crawler  
  197  11:36  Adrenal Glands, Spore Crawler  
  197  11:37  Spire  
  197  11:39  Viper x2, Spore Crawler x3  
  194  11:44  Overseer  
  197  11:47  Overseer  
  197  11:49  Seismic Spines  
  189  12:02  Baneling x13  
  189  12:03  Hydralisk x2  
  189  12:04  Zergling x18  
  199  12:15  Zergling x8, Hydralisk  
  192  12:16  Zergling x8  
  192  12:22  Hydralisk  
  198  12:26  Zerg Missile Weapons Level 2  
  189  12:39  Lurker x3  
  189  12:40  Lurker x5  
  195  12:46  Adaptive Talons  
  195  12:55  Drone x3, Nydus Network, Spine Crawler  
  195  12:56  Drone x3, Spine Crawler  
  195  12:57  Spine Crawler x3  
  195  13:00  Hatchery  
  195  13:04  Zerg Ground Armor Level 2  
  183  13:20  Hydralisk x4  
  183  13:21  Hydralisk x4  
  199  13:33  Nydus Canal  
  187  13:37  Hydralisk x2  
  187  13:38  Hydralisk x6  
  187  13:39  Hydralisk x5  
  187  13:40  Hydralisk  
  186  13:42  Hydralisk  
  167  13:49  Hydralisk, Nydus Canal  
  167  13:50  Zergling x28  
  167  13:52  Zergling x6  
  167  13:55  Hydralisk  
  183  13:56  Zergling x4  
  183  14:02  Zergling x12  
  193  14:10  Zergling x6  
  193  14:11  Zergling x4, Overlord  
  194  14:22  Hydralisk, Greater Spire  
  194  14:23  Zergling x12  
  169  14:31  Hydralisk  
  169  14:32  Zergling x12  
  169  14:35  Zergling x6  
  173  14:42  Hydralisk x3  
  175  14:46  Drone x3  
  175  14:57  Drone x3  
  178  15:03  Lurker x8  
  186  15:08  Nydus Canal  
  186  15:09  Lurker x2  
  186  15:10  Extractor  
  186  15:11  Spore Crawler  
  186  15:17  Hydralisk  
  186  15:20  Hydralisk  
  188  15:26  Hydralisk  
  188  15:27  Hydralisk x2  
  189  15:29  Drone x2  
  189  15:35  Zergling x8, Hydralisk  
  195  15:42  Zergling x4, Hydralisk  
  198  15:43  Zergling x4  
  198  15:46  Hydralisk  
  198  15:48  Hydralisk  
  198  15:49  Hydralisk x2  
  184  15:50  Hydralisk  
  184  15:54  Hydralisk x2  
  184  15:56  Hydralisk  
  162  15:58  Hydralisk  
  163  16:05  Viper x3  
  172  16:11  Lurker x2  
  172  16:12  Lurker x2  
  172  16:13  Drone x2  
  172  16:14  Drone, Lurker  
  172  16:15  Lurker x3  
  183  16:19  Lurker x2  
  183  16:23  Hydralisk  
  183  16:24  Zergling x12  
  193  16:26  Hydralisk  
  193  16:28  Hydralisk  
  193  16:30  Zergling x2  
  193  16:31  Baneling  
  193  16:32  Baneling x6  
  195  16:34  Zergling x2  
  195  16:35  Hydralisk, Baneling x3  
  195  16:36  Zergling x2, Hydralisk  
  195  16:37  Zergling x2  
  195  16:39  Hydralisk  
  193  16:40  Zergling x2  
  193  16:42  Zergling x2, Hydralisk  
  193  16:44  Zergling x2  
  193  16:46  Zergling x2, Hydralisk  
  183  16:48  Hydralisk  
  183  16:49  Zergling x2  
  183  16:50  Zergling x2  
  183  16:53  Hydralisk  
  183  16:54  Zergling x2  
  173  16:55  Hydralisk  
  173  16:56  Hydralisk  
  173  16:58  Zergling x2  
  165  17:02  Lurker  
  165  17:06  Hydralisk x3  
  170  17:12  Lurker x3  
  171  17:17  Hydralisk x2  
  171  17:20  Hydralisk  
  171  17:22  Hydralisk  
  173  17:26  Hydralisk  
  173  17:27  Zergling x6  
  173  17:28  Zergling x12  
  175  17:31  Hydralisk  
  175  17:32  Zergling x2  
  175  17:35  Hydralisk x2  
  167  17:40  Hydralisk x2  

Tags
 
Add a new tag
Caveats
  • Supply blocks, unpowered buildings, or Contaminate may cause inaccurate times.
  • Supply counts are checked every 10 seconds.